 Dungeon Sprint DCSS version 0.19-a0-1686-g35356ef (webtiles) character file.

11672 Groucho the Spry (level 11, -11/60 HPs)
             Began as a Felid Monk on Sept 25, 2016.
             Was the Champion of Okawaru.
             Mangled by a stone giant (31 damage)
             ... in the Dungeon (Sprint IX: "|||||||||||||||||||||||||||||").
             The game lasted 00:10:41 (3320 turns).

Groucho the Spry (Felid Monk)                       Turns: 3320, Time: 00:10:42

Health: -11/60     AC:  3    Str: 10    XL:     11   Next: 52%
Magic:  19/22      EV: 42    Int: 12    God:    Okawaru [******]
Gold:   64         SH:  0    Dex: 19    Spells: 0 memorised, 24 levels left
                                        Lives:  0   Deaths: 3

rFire  + . .     SeeInvis +       - Unarmed
rCold  . . .     Gourm    .     (armour unavailable)
rNeg   . . .     Faith    .     (shield unavailable)
rPois  .         Spirit   .     (helmet unavailable)
rElec  .         Dismiss  +     (cloak unavailable)
rCorr  .         Reflect  .     (gloves unavailable)
MR     +....     Harm     .     (boots unavailable)
Stlth  ++++++++.. NoTele   +    w - amulet of dismissal
                                s - ring of protection from fire
                                x - +4 ring of evasion

@: heroism, finesse, quick
A: no armour, no weapons or thrown items, claws 1, fangs 3, see invisible,
carnivore 3, speed 1, shaggy fur 2, slow metabolism 1, sharp paws
a: Heroism, Finesse, Renounce Religion


You were in the Dungeon.
You worshipped Okawaru.
Okawaru was exalted by your worship.
You were not hungry.

You visited 1 branch You collected 1939 gold pieces.
You spent 1875 gold pieces at shops.

Inventory:

Jewellery
 s - a ring of protection from fire (right paw)
 w - an amulet of dismissal (around neck)
 x - a +4 ring of evasion (left paw)
Wands
 d - a wand of lightning (7/15)
 f - a wand of paralysis (16/24)
 j - a wand of acid (7/15)
 m - a wand of digging (7/24)
Scrolls
 g - 5 scrolls of blinking
 h - 5 scrolls of remove curse
 i - 2 scrolls of amnesia
 n - 3 scrolls of identify
 o - a scroll of fog
 v - a scroll of recharging
 y - a scroll of magic mapping
Potions
 b - 8 potions of curing
 c - 6 potions of heal wounds
 e - 4 potions of magic
 p - a potion of resistance
 q - 2 potions of cure mutation
 z - a potion of invisibility
Miscellaneous
 t - a sack of spiders
 u - a disc of storms
Comestibles
 a - 13 meat rations


   Skills:
 * Level 14.4(19.4) Fighting
 * Level 18.0(23.0) Dodging
 + Level 11.3(16.3) Stealth
 * Level 16.6(21.6) Unarmed Combat
 + Level 7.1 Spellcasting
 + Level 13.6 Invocations
 + Level 2.7 Evocations


You had 24 spell levels left.
You didn't know any spells.

Dungeon Overview and Level Annotations

Branches:
Dungeon (1/1)

Altars:
Cheibriados
Dithmenos
Elyvilon
Fedhas
Gozag
Hepliaklqana
Kikubaaqudgha
Makhleb
Nemelex Xobeh
Okawaru
Qazlal
Ru
Sif Muna
Trog
Uskayaw
Vehumet
Xom
Yredelemnul
Zin
The Shining One
Beogh
Jiyva
Lugonu

Shops:
D }**=


Innate Abilities, Weirdness & Mutations

You cannot wear armour.
You are incapable of wielding weapons or throwing items.
You have sharp claws.
You have razor-sharp teeth.
You have supernaturally acute eyesight. (SInv)
You are carnivorous and can eat meat at any time.
You cover ground quickly.
You are covered in thick fur. (AC +2)
You have a slow metabolism.
Your sharp claws are effective at attacking unaware monsters.


Message History

You bite the fire dragon, but do no damage.
The fire dragon is almost dead.
The fire dragon breathes flames at you. The blast of flame misses you.
You closely miss the fire dragon. You claw the fire dragon.
The fire dragon is almost dead.
You mangle the fire dragon!!
You kill the fire dragon!
Okawaru is honoured by your kill.
Your base Dodging skill increases to level 18!
You scratch the stone giant.
You bite the stone giant, but do no damage.
The stone giant is lightly wounded.
You scratch the stone giant but do no damage.
The stone giant is lightly wounded.
You scratch the stone giant.
The stone giant is lightly wounded.
The stone giant hits you!!
Ouch! That really hurt!
You die...

▓.▓.▓)▓.▓.▓.▓)▓
▓.▓.▓∩▓.▓.▓.▓.▓
▓g▓.▓)▓.▓.▓.▓.▓
▓C▓.▓∩▓.▓.▓.▓[▓
▓.▓.▓)▓.▓.▓.▓[▓
▓u▓.▓∩▓.▓.▓.▓[▓
▓L▓.▓=▓.▓.▓.▓)▓
▓C▓.▓)▓.▓.▓.▓|▓
▓@▓.▓)▓.▓.▓.▓.▓
▓'▓)▓)▓.▓.▓.▓.▓
▓)▓.▓)▓.▓'▓.▓'▓
▓.▓.▓'▓.▓.▓.▓.▓
▓.▓.▓.▓.▓.▓.▓_▓
▓?▓.▓)▓.▓.▓.▓_▓
▓.▓.▓)▓.▓.▓.▓_▓
▓.▓.▓)▓.▓.▓.▓_▓
▓.▓.▓.▓.▓.▓.▓_▓


You could see a stone giant, a lich, a white ugly thing, an ettin and a boggart.

Vanquished Creatures
  A stone giant (D)
  A fire dragon (D)
  2 hydras (D)
  A centaur warrior (D)
  A death knight (D)
  An orc high priest (D)
  Urug (D)
  A hill giant (D)
  4 orc knights (D)
  10 orc sorcerers (D)
  A deep elf mage (D)
  A cyclops (D)
  A black mamba (D)
  4 spiny frogs (D)
  Joseph (D)
  A rime drake (D)
  A komodo dragon (D)
  A two-headed ogre (D)
  A tyrant leech (D)
  2 blink frogs (D)
  3 hippogriffs (D)
  A yak (shapeshifter) (D)
  2 yaks (D)
  Eustachio (D)
  A steam dragon (D)
  2 vampire mosquitoes (D)
  5 orc warriors (D)
  A water moccasin (D)
  A phantom (D)
  A black bear (D)
  2 crocodiles (D)
  6 bullfrogs (D)
  A scorpion (D)
  A crimson imp (D)
  5 orc priests (D)
  7 orc wizards (D)
  2 adders (D)
  2 leopard geckos (D)
  5 orcs (D)
  A bat zombie (D)
  2 hobgoblins (D)
  A jackal (D)
  2 giant cockroach zombies (D)
  A leopard gecko zombie (D)
  2 rats (D)
95 creatures vanquished.

Vanquished Creatures (others)
  An orc warrior (D)
1 creature vanquished.

Grand Total: 96 creatures vanquished

Notes
Turn   | Place    | Note
-------+----------+-------------------------------------------
     0 | D        | Groucho the Felid Monk began the quest for the Orb.
     0 | D        | Reached XP level 1. HP: 10/10 MP: 2/2
    48 | D        | Noticed a scorpion
    53 | D        | Reached skill level 5 in Dodging
    53 | D        | Reached XP level 2. HP: 15/15 MP: 3/3
    76 | D        | Killed a scorpion
    76 | D        | Reached skill level 6 in Dodging
    76 | D        | Reached XP level 3. HP: 19/19 MP: 4/4
    81 | D        | Reached XP level 4. HP: 18/22 MP: 5/5
  1142 | D        | Found a roughly hewn altar of Beogh.
  1142 | D        | Found a snail-covered altar of Cheibriados.
  1142 | D        | Found a shadowy altar of Dithmenos.
  1142 | D        | Found a white marble altar of Elyvilon.
  1142 | D        | Found a blossoming altar of Fedhas.
  1142 | D        | Found an opulent altar of Gozag.
  1143 | D        | Found a hazy altar of Hepliaklqana.
  1144 | D        | Found a viscous altar of Jiyva.
  1145 | D        | Found an ancient bone altar of Kikubaaqudgha.
  1146 | D        | Found a corrupted altar of Lugonu.
  1147 | D        | Found a burning altar of Makhleb.
  1148 | D        | Found a sparkling altar of Nemelex Xobeh.
  1149 | D        | Found an iron altar of Okawaru.
  1150 | D        | Found a stormy altar of Qazlal.
  1151 | D        | Found a sacrificial altar of Ru.
  1152 | D        | Found a deep blue altar of Sif Muna.
  1153 | D        | Found a bloodstained altar of Trog.
  1154 | D        | Found a hide-covered altar of Uskayaw.
  1155 | D        | Found a radiant altar of Vehumet.
  1156 | D        | Found a shimmering altar of Xom.
  1157 | D        | Became a worshipper of Warmaster Okawaru
  1157 | D        | Reached * piety under Okawaru
  1157 | D        | Reached ** piety under Okawaru
  1158 | D        | Found a basalt altar of Yredelemnul.
  1159 | D        | Found a glowing silver altar of Zin.
  1160 | D        | Found a glowing golden altar of the Shining One.
  1187 | D        | Noticed an orc warrior
  1187 | D        | Noticed a phantom
  1187 | D        | Noticed a two-headed ogre
  1192 | D        | Killed a two-headed ogre
  1192 | D        | Reached skill level 8 in Dodging
  1192 | D        | Reached XP level 5. HP: 28/28 MP: 3/9
  1192 | D        | Gained mutation: You are covered in thick fur. (AC +2) [Felid growth]
  1192 | D        | Reached XP level 6. HP: 31/31 MP: 3/10
  1196 | D        | Reached skill level 9 in Dodging
  1198 | D        | Reached *** piety under Okawaru
  1198 | D        | Reached skill level 5 in Invocations
  1206 | D        | Killed an orc warrior
  1206 | D        | Reached skill level 10 in Unarmed Combat
  1521 | D        | Noticed an eight-headed hydra
  1521 | D        | Noticed a deep elf mage
  1521 | D        | Noticed an orc warrior
  1521 | D        | Noticed a cyclops
  1521 | D        | Noticed a centaur warrior
  1521 | D        | Noticed a steam dragon
  1523 | D        | Killed a steam dragon
  1523 | D        | Reached skill level 10 in Dodging
  1523 | D        | Reached XP level 7. HP: 36/36 MP: 9/12
  1534 | D        | Killed a centaur warrior
  1534 | D        | Reached **** piety under Okawaru
  1534 | D        | Reached skill level 11 in Dodging
  1534 | D        | Reached XP level 8. HP: 33/42 MP: 10/14
  1540 | D        | Killed a cyclops
  1540 | D        | Reached skill level 12 in Dodging
  1555 | D        | Killed an eight-headed hydra
  1555 | D        | Reached ***** piety under Okawaru
  1555 | D        | Reached skill level 10 in Fighting
  1555 | D        | Reached XP level 9. HP: 16/46 MP: 12/16
  1556 | D        | Slain by an orc warrior
  1557 | D        | Reached XP level 8. HP: -5/43 MP: 10/15
  1572 | D        | Noticed a tyrant leech
  1575 | D        | Reached skill level 13 in Dodging
  1577 | D        | Noticed a blink frog
  1584 | D        | Killed a tyrant leech
  1584 | D        | Reached skill level 1 in Spellcasting
  1592 | D        | Killed a blink frog
  1595 | D        | Noticed a spiny frog
  1597 | D        | Noticed a blink frog
  1604 | D        | Killed a blink frog
  1604 | D        | Reached XP level 9. HP: 47/47 MP: 11/17
  1610 | D        | Killed a spiny frog
  1610 | D        | Reached skill level 5 in Stealth
  1615 | D        | Noticed a seven-headed hydra
  1615 | D        | Noticed a rime drake
  1615 | D        | Noticed a spiny frog
  1615 | D        | Noticed a spiny frog
  1615 | D        | Noticed a black mamba
  1617 | D        | Killed a seven-headed hydra
  1617 | D        | Reached skill level 14 in Dodging
  1617 | D        | Reached skill level 10 in Invocations
  1619 | D        | Killed a rime drake
  1626 | D        | Killed a spiny frog
  1626 | D        | Reached ****** piety under Okawaru
  1631 | D        | Killed a spiny frog
  1631 | D        | Reached XP level 10. HP: 52/52 MP: 11/18
  1636 | D        | Killed a black mamba
  1742 | D        | Noticed a spiny frog
  1754 | D        | Reached skill level 15 in Dodging
  1763 | D        | Killed a spiny frog
  2036 | D        | Noticed Urug
  2065 | D        | Killed Urug
  2065 | D        | Reached skill level 15 in Unarmed Combat
  2349 | D        | Noticed Eustachio
  2357 | D        | Killed Eustachio
  2403 | D        | Noticed an orc sorcerer
  2410 | D        | Noticed an orc knight
  2421 | D        | Killed an orc sorcerer
  2438 | D        | HP: 2/54 [orc knight/great mace of crushing (29)]
  2438 | D        | Slain by an orc knight
  2439 | D        | Reached XP level 9. HP: -4/50 MP: 15/18
  2564 | D        | Noticed Joseph
  2571 | D        | Killed Joseph
  2571 | D        | Reached skill level 5 in Spellcasting
  2571 | D        | Reached XP level 10. HP: 54/54 MP: 19/19
  2622 | D        | Found Etsual's Gadget Shop.
  2622 | D        | Noticed an orc sorcerer
  2622 | D        | Noticed an orc sorcerer
  2622 | D        | Noticed an orc sorcerer
  2622 | D        | Noticed an orc sorcerer
  2623 | D        | Noticed an orc sorcerer
  2628 | D        | Killed from afar by an orc sorcerer
  2629 | D        | Reached XP level 9. HP: -13/50 MP: 12/18
  2715 | D        | Killed an orc knight
  2715 | D        | Reached skill level 16 in Dodging
  2757 | D        | Noticed an orc knight
  2757 | D        | Noticed an orc high priest
  2757 | D        | Noticed an orc knight
  2758 | D        | Noticed a stone giant
  2759 | D        | Noticed an orc knight
  2765 | D        | Noticed a sun demon
  2771 | D        | Killed an orc knight
  2780 | D        | Killed an orc high priest
  2782 | D        | Killed a stone giant
  2782 | D        | Reached XP level 10. HP: 17/55 MP: 10/20
  2784 | D        | Killed an orc knight
  2788 | D        | Killed an orc knight
  2816 | D        | Found Gem Neni's Jewellery Boutique.
  2816 | D        | Noticed an orc sorcerer
  2816 | D        | Noticed an orc sorcerer
  2816 | D        | Noticed an orc sorcerer
  2819 | D        | Found Kamma's Assorted Antiques.
  2824 | D        | Noticed an orc sorcerer
  2824 | D        | Killed an orc sorcerer
  2825 | D        | Noticed a rust devil
  2828 | D        | Found Seulateu's General Store.
  2829 | D        | Killed an orc sorcerer
  2829 | D        | Reached skill level 17 in Dodging
  2829 | D        | Reached skill level 10 in Stealth
  2832 | D        | Killed an orc sorcerer
  2836 | D        | Noticed a soul eater
  2837 | D        | Paralysed by an orc sorcerer for 5 turns
  2846 | D        | Killed an orc sorcerer
  2853 | D        | Killed an orc sorcerer
  2861 | D        | Killed an orc sorcerer
  2861 | D        | Reached XP level 11. HP: 37/59 MP: 18/21
  2877 | D        | Killed an orc sorcerer
  2994 | D        | Killed an orc sorcerer
  3004 | D        | Bought a wand of lightning (7/15) for 110 gold pieces
  3004 | D        | Bought a sack of spiders for 200 gold pieces
  3004 | D        | Bought a disc of storms for 200 gold pieces
  3010 | D        | Bought a scroll of recharging for 133 gold pieces
  3010 | D        | Bought an uncursed amulet of dismissal for 420 gold pieces
  3010 | D        | Bought a +4 ring of evasion for 504 gold pieces
  3010 | D        | Bought a potion of invisibility for 112 gold pieces
  3010 | D        | Bought a scroll of blinking for 105 gold pieces
  3010 | D        | Bought a scroll of magic mapping for 49 gold pieces
  3010 | D        | Bought a potion of curing for 42 gold pieces
  3162 | D        | Killed an orc sorcerer
  3265 | D        | Noticed an orb spider
  3265 | D        | Noticed a hill giant
  3268 | D        | Noticed a death knight
  3274 | D        | Killed a hill giant
  3275 | D        | Noticed a deep elf mage
  3275 | D        | an orb spider changed into a yak
  3278 | D        | Reached skill level 1 in Evocations
  3281 | D        | Noticed a fire dragon
  3286 | D        | Noticed a stone giant
  3288 | D        | Noticed a white ugly thing
  3293 | D        | Noticed a lich
  3294 | D        | Noticed an ettin
  3303 | D        | Killed a deep elf mage
  3306 | D        | Killed a death knight
  3317 | D        | Killed a fire dragon
  3317 | D        | Reached skill level 18 in Dodging
  3320 | D        | Mangled by a stone giant

Vault maps used:
D:        linesprint

Skill      XL: |  1  2  3  4  5  6  7  8  9 10 11 |
---------------+----------------------------------+-----
Unarmed Combat | 4 6 9 10 12 13 14 16 | 16.6
Dodging        | 5 6 8 10 11 13 16 17 18 | 18.0
Fighting       | 4 6 7 9 10 13 12 14 | 14.4
Invocations    | 4 6 7 9 12 13 | 13.6
Stealth        | 4 9 10 11 | 11.3
Spellcasting   | 1 5 6 7 |  7.1
Evocations     | 2 |  2.7

Action                   |  1- 3 |  4- 6 |  7- 9 | 10-12 || total
-------------------------+-------+-------+-------+-------++-------
Melee: Unarmed           |    41 |    19 |    97 |   190 ||   347
       Bite              |     5 |     4 |    16 |    26 ||    51
       Punch             |     1 |       |    10 |    17 ||    28
Invok: Heroism           |       |     2 |     6 |     8 ||    16
       Finesse           |       |       |     3 |     8 ||    11
  Use: Potion            |     1 |     1 |     4 |     3 ||     9
 Stab: Sleeping          |     1 |     1 |     3 |     2 ||     7
       Invisible         |       |       |     2 |     9 ||    11
       Distracted        |       |       |       |     1 ||     1
  Eat: Chunk             |     6 |       |       |    10 ||    16
Armor: Skin              |     2 |       |     2 |     1 ||     5
Dodge: Dodged            |    22 |    10 |    93 |    87 ||   212
